 Dungeon Crawl Stone Soup version 0.31-a0-978-g1e14348 (webtiles) character file.

Game seed: 5337411318433664020

2565 UnitSub the Skirmisher (level 9, -8/82 HPs)
             Began as a Demigod Hunter on Oct 30, 2023.
             Mangled by an unseen horror simulacrum (13 damage)
             ... on level 9 of the Dungeon.
             The game lasted 00:06:03 (4925 turns).

UnitSub the Skirmisher (Demigod Hunter)             Turns: 4925, Time: 00:06:04

Health: -8/82      AC: 13    Str: 12    XL:     9   Next: 10%
Magic:  0/11       EV: 16    Int: 11    God:
Gold:   346        SH:  0    Dex: 29    Spells: 8/8 levels left

rFire   . . .        D - +0 arbalest (drain)
rCold   . . .        (shield currently unavailable)
rNeg    + . .        v - +1 ring mail {rN+}
rPois   .            (no helmet)
rElec   .            p - scarf {repulsion}
rCorr   .            (no gloves)
SInv    .            i - +2 pair of boots
Will    .....        B - amulet of guardian spirit
Stlth   ++           u - +5 ring of evasion
HPRegen 0.33/turn    m - +4 ring of protection
MPRegen 0.12/turn

%: repel missiles, guardian spirit
@: no status effects
A: high MP 1, forlorn, divine attributes
a: no special abilities


You were on level 9 of the Dungeon.
You visited 1 branch of the dungeon, and saw 10 of its levels.

You collected 346 gold pieces.

Inventory:

Hand Weapons
 A - a +1 arbalest
 D - a +0 arbalest of draining (weapon)
Armour
 i - a +2 pair of boots (worn)
 p - a scarf of repulsion (worn)
 v - a +1 ring mail of positive energy (worn)
Jewellery
 m - a +4 ring of protection (right hand)
 n - a ring of protection from cold
 u - a +5 ring of evasion (left hand)
 B - an amulet of guardian spirit (around neck)
 C - a ring of positive energy
Wands
 q - a wand of polymorph (8)
 x - a wand of light (8)
 F - a wand of paralysis (4)
Scrolls
 b - 2 scrolls of butterflies
 e - 2 scrolls of enchant armour
 g - 3 scrolls of teleportation
 h - 2 scrolls of vulnerability
 j - a scroll of blinking {unknown}
 l - 2 scrolls of amnesia
 s - a scroll of fog {unknown}
 t - a scroll of fear {unknown}
 y - 3 scrolls of noise {unknown}
Potions
 a - a potion of berserk rage {unknown}
 c - a potion of invisibility {unknown}
 d - 3 potions of heal wounds {unknown}
 f - 6 potions of curing {unknown}
 k - a potion of degeneration {unknown}
 o - a potion of mutation {unknown}
 r - a potion of lignification
 w - a potion of haste
 z - a potion of magic {unknown}
 E - a potion of attraction {unknown}


   Skills:
 + Level 8.4 Fighting
 + Level 9.1 Ranged Weapons
 - Level 1.7 Dodging
 - Level 0.8 Stealth


You had 8 spell levels left.
You didn't know any spells.
Your spell library contained the following spells:

 Spells                   Type           Power      Damage    Failure   Level
 Freeze                   Ice            0%         1d3       63%         1
 Frozen Ramparts          Ice            0%         1d1       94%         3
 Hailstorm                Conj/Ice       0%         3d3       94%         3
 Ignite Poison            Fire/Tmut/Pois 0%         N/A       94%         3
 Sticky Flame             Conj/Fire      0%         2d3       100%        4
 Summon Ice Beast         Ice/Summ       0%         N/A       100%        4
 Vhi's Electric Charge    Tloc/Air       0%         N/A       100%        4
 Arcjolt                  Conj/Air       0%         1d10      100%        5
 Simulacrum               Ice/Necr       0%         N/A       100%        6
 Ignition                 Fire           0%         3d3       100%        8
 Maxwell's Capacitive Co  Air            0%         ∞         100%        8


Dungeon Overview and Level Annotations

Branches:
Dungeon (10/15)            Temple (0/1) D:5
   Lair: D:8-11         Orc: D:9-12

Shops:
D:7 (:


Innate Abilities, Weirdness & Mutations

You have an increased reservoir of magic. (+10% MP)
You shall have no god before yourself.
Your divine heritage dramatically boosts your attributes as you level up.


Message History

The unseen horror simulacrum hits you but does no damage.
You shoot a bolt.
The bolt barely misses the unseen horror simulacrum.
The unseen horror simulacrum completely misses you. x2
The unseen horror simulacrum hits you.
The unseen horror simulacrum freezes you!
The ufetubus hits you but does no damage. x2
The unseen horror simulacrum hits you but does no damage.
The ufetubus hits you but does no damage.
The ufetubus closely misses you. The unseen horror simulacrum hits you.
The unseen horror simulacrum freezes you!!
The ufetubus misses you. The ufetubus hits you.
* * * LOW HITPOINT WARNING * * *
You are too injured to fight recklessly!
Unknown command.
You are too injured to fight recklessly!
You are too injured to fight recklessly!
Unknown command.
You are too injured to fight recklessly!
Fire: D) +0 arbalest (drain)
Press: ? - help, Shift-Dir - straight line, f/p - unseen horror simulacrum
Aim: an unseen horror simulacrum (severely damaged, 83% to hit)
You shoot a bolt.
The bolt hits the unseen horror simulacrum.
The unseen horror simulacrum is severely damaged.
The unseen horror simulacrum hits you!
* * * LOW HITPOINT WARNING * * *
The unseen horror simulacrum freezes you!
* * * LOW HITPOINT WARNING * * *
The unseen horror simulacrum closely misses you.
The unseen horror simulacrum hits you but does no damage.
The ufetubus hits you but does no damage.
The ufetubus barely misses you.
The unseen horror simulacrum misses you.
A yak comes into view.
The ufetubus closely misses you. The ufetubus misses you.
The unseen horror simulacrum hits you.
* * * LOW HITPOINT WARNING * * *
The unseen horror simulacrum freezes you!
You die...

#########
#........
#........
+.5......
#@.......
.......Z.......
...............
.....#.#..##+##
....... ..#
~#...#. ... ##
... ..## Y ..
..#


You could see a yak (wandering), an unseen horror simulacrum and an ufetubus.

Vanquished Creatures
  A troll (D:10)
  Menkaure (D:7)
  A black bear (D:7)
  An orc warrior (D:6)
  4 ice beasts
  A sky beast (D:8)
  2 ogres
  A phantom (D:6)
  A kobold brigand (D:8)
  4 bullfrogs
  A gnoll sergeant (D:8)
  2 scorpions
  4 wights (D:6)
  A hound (D:6)
  A jelly (D:6)
  2 orc priests (D:6)
  Terence (D:2)
  2 sleepcaps
  Natasha (thrice) (D:2)
  6 orc wizards
  8 gnolls
  4 adders
  A shadow imp (D:8)
  A white imp (D:5)
  2 ufetubi
  A worm (D:2)
  12 orcs
  4 endoplasms
  5 giant cockroaches
  9 hobgoblins
  2 jackals (D:1)
  A quokka (D:4)
  6 ball pythons
  11 bats
  2 frilled lizards
  5 goblins
  13 kobolds
  2 rats
129 creatures vanquished.

Vanquished Creatures (others)
  An ufetubus (D:6)
1 creature vanquished.

Grand Total: 130 creatures vanquished

Notes
Turn   | Place    | Note
-------+----------+-------------------------------------------
     0 | D:1      | UnitSub the Demigod Hunter began the quest for the Orb.
     0 | D:1      | Reached XP level 1. HP: 17/17 MP: 3/3
    83 | D:1      | Reached XP level 2. HP: 13/24 MP: 4/4
   315 | D:1      | Reached skill level 4 in Ranged Weapons
   494 | D:2      | Noticed Natasha
   502 | D:2      | Killed Natasha
   503 | D:2      | Reached XP level 3. HP: 29/30 MP: 5/5
   571 | D:2      | Noticed Natasha
   579 | D:2      | Killed Natasha
   629 | D:2      | Noticed Natasha
   632 | D:2      | Reached XP level 4. HP: 38/38 MP: 6/6
   644 | D:2      | Killed Natasha
   808 | D:2      | Noticed Terence
   829 | D:2      | Killed Terence
  1095 | D:2      | Reached XP level 5. HP: 46/46 MP: 7/7
  1098 | D:2      | Identified the +1 robe "Feuhedur" {Int+5}
  1212 | D:3      | Reached skill level 5 in Ranged Weapons
  1705 | D:4      | Noticed an ogre
  1716 | D:4      | Killed an ogre
  1717 | D:4      | Reached XP level 6. HP: 30/53 MP: 8/8
  2245 | D:4      | Identified the +6 short sword "Liunyngye" {distort, Will+
                  | Dex+5}
  2409 | D:5      | Entered Level 5 of the Dungeon
  2612 | D:5      | Found a staircase to the Ecumenical Temple.
  3036 | D:6      | Reached skill level 5 in Fighting
  3036 | D:6      | Reached skill level 6 in Ranged Weapons
  3050 | D:6      | Reached XP level 7. HP: 47/61 MP: 9/9
  3259 | D:6      | Reached skill level 7 in Ranged Weapons
  3396 | D:6      | Reached XP level 8. HP: 60/71 MP: 10/10
  3864 | D:7      | Reached skill level 8 in Ranged Weapons
  3910 | D:7      | Noticed Menkaure
  3913 | D:7      | Killed Menkaure
  4035 | D:7      | Found Ulostroq's Self-Published Books.
  4336 | D:7      | Found Soyniu's Weapon Boutique.
  4636 | D:8      | Reached XP level 9. HP: 81/81 MP: 11/11
  4794 | D:8      | You fall into a shaft and drop 2 floors!
  4794 | D:10     | Identified the of Wygroiw
  4794 | D:10     | Entered Level 10 of the Dungeon
  4810 | D:10     | Reached skill level 9 in Ranged Weapons
  4925 | D:9      | Mangled by an unseen horror simulacrum

Illustrated notes

Levels and vault maps discovered:
D:1:      minmay_arrival_stair_chambers, layout_rooms,
          ebering_ecumenical_altar_ruins
D:2:      layout_rooms, uniq_natasha, uniq_terence
D:3:      layout_loops_ring, kennysheep_generic_room_11
D:4:      layout_basic, hangedman_decor_slide_cut
D:5:      layout_cave_pools, minmay_temple_entry_slanted
D:6:      layout_basic, chequers_serial_rivers_room_b
D:7:      layout_basic, mainiacjoe_overflow_six_doors_small, serial_shops, shop,
          nicolae_custom_books, uniq_menkaure
D:8:      layout_gridville, chequers_serial_rivers_micro_b, uniq_maggie
D:9:      layout_roguey, gammafunk_ghost_icy, serial_ice, serial_ice_b,
          serial_ice_e, serial_ice_k, serial_ice_a
D:10:     layout_roguey, erik_lair_island

Skill      XL: |  1  2  3  4  5  6  7  8  9 |
---------------+----------------------------+-----
Fighting       | 2 3 4 5 6 8 |  8.4
Ranged Weapons | 4 5 6 7 8 9 |  9.1
Dodging        | |  1.7
Stealth        | |  0.8

Action                     |  1- 3 |  4- 6 |  7- 9 || total
---------------------------+-------+-------+-------++-------
  Melee: Shortbow          |       |     3 |       ||     3
   Fire: Shortbow          |    88 |   269 |    83 ||   440
         Arbalest          |       |       |    69 ||    69
  Evoke: Wand              |       |       |     2 ||     2
    Use: Scroll            |       |     4 |     4 ||     8
 Armour: Leather armour    |    35 |    92 |       ||   127
         Ring mail         |       |    35 |    66 ||   101
  Dodge: Dodged            |    43 |   121 |    89 ||   253
         Repelled          |       |     3 |     1 ||     4

Table legend: (Time is in decaauts)
 A = Elapsed time spent in this place.
 B = Non-inter-level travel time spent in this place.
 C = Inter-level travel time spent in this place.
 D = Time resting spent in this place.
 E = Time spent auto-exploring this place.
 F = Levels seen in this place.
 G = Mean time per level.
                   A        B        C        D        E       F      G
               +--------+--------+--------+--------+--------+-----+--------+
         Total |   5057 |   4883 |    174 |      0 |   3906 |  10 |  505.7 |
       Dungeon |   5057 |   4883 |    174 |      0 |   3906 |  10 |  505.7 |
               +--------+--------+--------+--------+--------+-----+--------+

Top non-repeatable levels by time:
     D:6: 889 daAuts
     D:4: 814 daAuts
     D:7: 808 daAuts
     D:2: 646 daAuts
     D:5: 529 daAuts
     D:1: 509 daAuts
     D:3: 497 daAuts
     D:8: 228 daAuts
    D:10: 128 daAuts
     D:9: 7 daAuts
